 Dungeon Crawl Stone Soup version 0.20-a0-256-gabb291d (webtiles) character file.

453 KristoblXynda the Ruffian (level 7, -13/57 HPs)
             Began as a Naga Transmuter on Dec 1, 2016.
             Was an Initiate of Cheibriados.
             Mangled by a mummy (15 damage)
             ... on level 4 of the Dungeon.
             The game lasted 00:06:15 (2767 turns).

KristoblXynda the Ruffian (Naga Transmuter)         Turns: 2767, Time: 00:06:16

Health: -13/57     AC:  7    Str: 13    XL:     7   Next: 5%
Magic:  10/10      EV: 10    Int: 17    God:    Cheibriados [......]
Gold:   151        SH:  0    Dex: 12    Spells: 9/10 levels left

rFire  + . .     SeeInvis +       - Unarmed
rCold  . . .     Gourm    .     b - +0 robe
rNeg   + . .     Faith    .     (no shield)
rPois  +         Spirit   .     q - +0 helmet
rElec  .         Reflect  .     u - +0 cloak
rCorr  .         Harm     .     e - +1 pair of gloves
MR     .....                    (no barding)
Stlth  +.........               (no amulet)
                                i - ring of positive energy
                                k - ring of protection from fire

@: very slow
A: see invisible, deformed body, poison resistance, slowness 2, slow metabolism
1, spit poison 1, AC +2
a: Spit Poison, Bend Time, Renounce Religion


You were on level 4 of the Dungeon.
You worshipped Cheibriados.
Cheibriados was noncommittal.
You were not hungry.

You visited 2 branches of the dungeon, and saw 5 of its levels.
You also visited: Ossuary.

You collected 151 gold pieces.

Inventory:

Armour
 b - a +0 robe (worn)
 e - a +1 pair of gloves (worn)
 q - a +0 helmet (worn)
 u - a +0 cloak (worn)
Jewellery
 a - an uncursed ring of protection from fire
 i - a ring of positive energy (right hand)
 k - a ring of protection from fire (left hand)
Scrolls
 f - a scroll of enchant weapon
 o - 2 scrolls of identify
Potions
 l - a potion of cure mutation
Books
 c - a book of Changes

   Spells                             Type                      Level
   a - Beastly Appendage              Transmutation                1
   b - Sticks to Snakes               Transmutation                2
   c - Spider Form                    Transmutation/Poison         3
   d - Ice Form                       Ice/Transmutation            4
   e - Blade Hands                    Transmutation                5
Comestibles
 d - 2 bread rations
 h - 2 chunks of flesh


   Skills:
 - Level 1.0 Fighting
 - Level 1.5 Dodging
 + Level 0.4 Stealth
 + Level 6.5 Unarmed Combat
 - Level 2.0 Spellcasting
 + Level 4.4 Transmutations


You had 9 spell levels left.
You knew the following spells:

 Your Spells              Type           Power        Failure   Level  Hunger
a - Beastly Appendage     Tmut           ###...       3%          1    #......


Dungeon Overview and Level Annotations

Branches:
Dungeon (4/15)             Temple (1/1) D:4

Altars:
Cheibriados
Elyvilon
Fedhas
Gozag
Kikubaaqudgha
Makhleb
Nemelex Xobeh
Qazlal
Ru
Sif Muna
Trog
Vehumet
Zin


Innate Abilities, Weirdness & Mutations

You cannot wear boots.
Your serpentine skin is tough. (AC +2)
You have supernaturally acute eyesight. (SInv)
Armour fits poorly on your strangely shaped body.
Your system is resistant to poisons. (rPois)
You cover ground very slowly.
You have a slow metabolism.
You can spit poison.


Message History

The mummy is heavily damaged.
The mummy barely misses you.
You barely miss the mummy.
The mummy is heavily damaged.
You hit the mummy but do no damage.
The mummy is heavily damaged.
The mummy hits you!
* * * LOW HITPOINT WARNING * * *
You hit the mummy.
The mummy is heavily damaged.
You hit the mummy but do no damage.
The mummy is heavily damaged.
The mummy hits you.
* * * LOW HITPOINT WARNING * * *
You hit the mummy but do no damage.
The mummy is heavily damaged.
You barely miss the mummy.
The mummy is heavily damaged.
The mummy hits you!
You die...

#.# . #.# #.# .### #.# #
#.# #.. #.# #. #.# #.# #.#
..##.##.####># #.#
#............###########.#
.........................#
#.##.##.#####'#####..#####
.##.##..##....@##...#
..........##.^M##..###
#........†.##.##..##
.....###....###..## #.###
####..#..## # ##...##
#####


You could see a mummy.

Vanquished Creatures
  Sigmund (D:4)
  An ogre (D:4)
  Crazy Yiuf (D:3)
  An orc priest (D:4)
  An orc wizard (D:4)
  2 mummies (D:4)
  3 adders
  2 worms (D:2)
  3 dart slugs
  4 leopard geckos
  4 orcs
  10 bats
  3 giant cockroaches
  4 goblins
  5 hobgoblins
  A quokka (D:4)
  A frilled lizard (D:3)
  8 kobolds
  6 rats
61 creatures vanquished.

Vanquished Creatures (others)
  A withered plant (Ossuary)
1 creature vanquished.

Grand Total: 62 creatures vanquished

Notes
Turn   | Place    | Note
-------+----------+-------------------------------------------
     0 | D:1      | KristoblXynda the Naga Transmuter began the quest for the Orb.
     0 | D:1      | Reached XP level 1. HP: 18/18 MP: 3/3
   436 | D:1      | Reached XP level 2. HP: 25/25 MP: 5/5
   703 | D:2      | Reached XP level 3. HP: 21/31 MP: 6/6
   980 | D:2      | Reached skill level 4 in Unarmed Combat
  1354 | D:2      | Found a glowing silver altar of Zin.
  1355 | D:2      | Found an opulent altar of Gozag.
  1857 | D:3      | Reached XP level 4. HP: 38/38 MP: 7/7
  1968 | D:3      | Found a runed door.
  1972 | D:3      | Noticed Crazy Yiuf
  1981 | D:3      | Killed Crazy Yiuf
  2347 | D:3      | Found an ancient bone altar of Kikubaaqudgha.
  2350 | D:3      | Found a blossoming altar of Fedhas.
  2450 | D:4      | Noticed an ogre
  2452 | D:4      | Found a staircase to the Ecumenical Temple.
  2458 | D:4      | Killed an ogre
  2458 | D:4      | Reached skill level 5 in Unarmed Combat
  2458 | D:4      | Reached XP level 5. HP: 23/44 MP: 8/8
  2469 | Temple   | Entered the Ecumenical Temple
  2541 | Temple   | Became a worshipper of Cheibriados the Contemplative
  2590 | D:4      | Noticed Sigmund
  2602 | D:4      | Killed Sigmund
  2602 | D:4      | Reached skill level 6 in Unarmed Combat
  2602 | D:4      | Reached XP level 6. HP: 35/51 MP: 9/9
  2722 | D:4      | Found a sand-covered staircase.
  2728 | D:4      | Reached XP level 7. HP: 44/57 MP: 10/10
  2733 | Ossuary  | Entered an ossuary
  2765 | D:4      | HP: 1/57 [mummy (6)]
  2767 | D:4      | Mangled by a mummy

Vault maps used:
D:1:      ncdulo_wetmaze, minivault_19
D:2:      grunt_temple_overflow_gold_and_silver
D:3:      grunt_temple_overflow_growth_and_decay, uniq_crazy_yiuf_cottage
D:4:      lemuel_doored_altar, gup_ossuary_entry_pyramid, serial_shops, shop,
          minmay_crossroads, uniq_sigmund
Temple:   regret_index_temple_generic_petals
Ossuary:  ossuary_zaba_flooded

Skill      XL: |  1  2  3  4  5 |
---------------+----------------+-----
Unarmed Combat | 4 5 6 |  6.5
Transmutations | 3 4 |  4.4
Fighting       | |  1.0
Dodging        | |  1.5
Stealth        | |  0.4
Spellcasting   | |  2.0

Action                   |  1- 3 |  4- 6 |  7- 9 || total
-------------------------+-------+-------+-------++-------
Melee: Unarmed           |   133 |    75 |    15 ||   223
       Punch             |     2 |     2 |       ||     4
 Abil: Spit Poison       |     6 |    12 |       ||    18
  Use: Scroll            |       |     9 |       ||     9
       Potion            |       |       |     4 ||     4
 Stab: Sleeping          |     2 |       |       ||     2
  Eat: Chunk             |     3 |     3 |       ||     6
Armor: Robe              |    49 |    34 |     2 ||    85
Dodge: Dodged            |    70 |    45 |     6 ||   121
